 Dungeon Sprint DCSS version 0.28.0-43-g3370ac3207 (webtiles) character file.

Game seed: 11724265954990050965

287 boopmooplesden the Spear-Bearer (level 6, 0/66 HPs)
             Began as a Minotaur Berserker on Mar 8, 2022.
             Was a Follower of Trog.
             Slain by a neqoxec (8 damage)
             ... in the Dungeon (Sprint II: "The Violet Keep of Menkaure").
             The game lasted 00:00:19 (61 turns).

boopmooplesden the Spear-Bearer (Minotaur Berserker)  Turns: 61, Time: 00:00:19

Health: 0/66       AC:  2    Str: 24    XL:     6   Next: 8%
Magic:  5/5        EV: 13    Int: -2 (4) God:    Trog [*.....]
Gold:   243        SH:  0    Dex:  9    Spells: 5/5 levels left

rFire   . . .      SeeInvis .   a - +0 spear
rCold   . . .      Faith    .   (no shield)
rNeg    . . .      Spirit   .   b - +0 animal skin
rPois   .          Reflect  .   (helmet restricted)
rElec   .          Harm     .   (no cloak)
rCorr   .          Rampage  .   (no gloves)
Will    .....      Rage     1%  (no boots)
Stlth   +......... NoTele   +   (no amulet)
HPRegen 0.21/turn               (no ring)
MPRegen 0.09/turn               (no ring)

@: slowed, lost intelligence, unable to read, very slow
A: horns 2, retaliatory headbutt, berserk 1
a: Renounce Religion, Berserk


You were in the Dungeon.
You worshipped Trog.
Trog was aware of your devotion.
You visited 1 branch You collected 243 gold pieces.

Inventory:

Hand Weapons
 a - a +0 spear (weapon)
Armour
 b - a +0 animal skin (worn)
Scrolls
 h - a scroll of blinking
Potions
 c - a potion of curing
 d - a potion of heal wounds
 e - a potion of haste
 f - 2 potions of magic
 g - a potion of berserk rage


   Skills:
 + Level 10.0 Fighting
 + Level 10.5 Polearms
 + Level 5.3 Armour
 + Level 4.9 Dodging


You had 5 spell levels left.
You didn't know any spells.
Your spell library was empty.

Dungeon Overview and Level Annotations

Branches:
Dungeon (1/1)

Altars:


Innate Abilities, Weirdness & Mutations

You have a pair of horns on your head.
You reflexively headbutt those who attack you in melee.
You tend to lose your temper in combat.


Message History

The neqoxec gestures at you.
Something tries to feed on your intellect!
Unknown command.
Unknown command.
You hit the neqoxec.
The neqoxec is lightly wounded.
The neqoxec hits you!
You barely miss the neqoxec. You headbutt the neqoxec.
The neqoxec is moderately wounded.
You recover from your berserk rage.
The neqoxec closely misses you. You furiously retaliate!
You headbutt the neqoxec. The neqoxec gestures at you.
You feel dopey. Something feeds on your intellect!
You completely miss the neqoxec.
The neqoxec is moderately wounded.
The neqoxec barely misses you.
You hit the neqoxec but do no damage.
The neqoxec is moderately wounded.
The neqoxec hits you but does no damage.
The neqoxec gestures at you.
Something tries to feed on your intellect!
You closely miss the neqoxec.
The neqoxec is moderately wounded.
The neqoxec hits you!
* * * LOW HITPOINT WARNING * * *
You hit the neqoxec but do no damage.
The neqoxec is moderately wounded.
The neqoxec hits you!
* * * LOW HITPOINT WARNING * * *
You completely miss the neqoxec.
The neqoxec is moderately wounded.
You hit the neqoxec. You headbutt the neqoxec!
The neqoxec is severely wounded.
The neqoxec closely misses you.
You hit the neqoxec but do no damage. Your headbutt misses the neqoxec.
The neqoxec is severely wounded.
The neqoxec hits you!
You die...

##+#
##.#.##
#.###.#
##.#.##
# ##†##
.#
##.##3.#
+.<@33#
##.##3#
#+# .# #


You could see 4 neqoxecs.

Vanquished Creatures
  2 wyverns (D)
2 creatures vanquished.

Notes
Turn   | Place    | Note
-------+----------+-------------------------------------------
     0 | D        | boopmooplesden the Minotaur Berserker began the quest for
                  | the Orb.
     0 | D        | Reached XP level 1. HP: 19/19 MP: 0/0
     1 | D        | Noticed a wyvern
     1 | D        | Noticed a wyvern
     5 | D        | Killed a wyvern
     6 | D        | Reached XP level 2. HP: 36/36 MP: 1/1
     6 | D        | Reached XP level 3. HP: 41/41 MP: 2/2
     6 | D        | Reached XP level 4. HP: 49/49 MP: 3/3
     6 | D        | Reached XP level 5. HP: 56/56 MP: 4/4
     9 | D        | Killed a wyvern
    10 | D        | Reached skill level 10 in Fighting
    10 | D        | Reached skill level 10 in Polearms
    10 | D        | Reached skill level 5 in Armour
    10 | D        | Reached XP level 6. HP: 66/66 MP: 5/5
    47 | D        | Noticed a neqoxec
    47 | D        | Noticed a neqoxec
    47 | D        | Noticed a neqoxec
    47 | D        | Noticed a neqoxec
    47 | D        | Lost intelligence.
    52 | D        | Gained mutation: You tend to lose your temper in combat. [a
                  | neqoxec]
    61 | D        | Slain by a neqoxec

Illustrated notes

Levels and vault maps discovered:
D:        the_violet_keep_of_menkaure [sprint2_stairs_cluster_1,
          sprint2_shoproom, sprint2_temple, sprint2_basic_supplies,
          sprint2_obstacle_1, sprint2_obstacle_6, sprint2_obstacle_5,
          sprint2_obstacle_4, sprint2_obstacle_2, sprint2_timed_cluster_1,
          sprint2_smallroom_cluster_1, sprint2_smallroom_final_cluster_1,
          sprint2_transparent_cluster_1, sprint2_second_timed_cluster_1,
          sprint2_sniper_area_1, sprint2_heavy_combat_area_1,
          sprint2_mutation_trap_area_1, sprint2_forest_area_1,
          sprint2_light_combat_area_1, sprint2_behind_water_1,
          sprint2_near_end_vault_1]

Skill      XL: |  1  2  3  4  5 |
---------------+----------------+-----
Fighting       | 8 10 | 10.0
Polearms       | 8 10 | 10.5
Armour         | 4 5 |  5.3
Dodging        | 4 |  4.9

Action                   |  1- 3 |  4- 6 || total
-------------------------+-------+-------++-------
Melee: Spear             |     3 |    15 ||    18
       Headbutt          |       |     3 ||     3
Invok: Berserk           |     1 |       ||     1
Armor: Animal skin       |       |     1 ||     1
Dodge: Dodged            |     3 |     3 ||     6
